Map: Turbo Cruise '84 LE

Players

Takker

  • Race: Protoss Protoss
  • Spawn Location: 3:00

Rob - Winner!

  • Race: Zerg Zerg
  • Spawn Location: 7:00

VOD

Have the link to the VOD?

Description

Time

  • Played on: May 26, 2019, 2:23 p.m.
  • Length: 11:56
Show
View Real Time Build Order
Export as new Build Order

Takker Protoss 

Build Orders:  

Get SALT Encoding   

  12  0:01  Probe  
  13  0:13  Probe  
  14  0:31  Probe  
  14  0:32  Pylon  
  15  0:58  Probe, Gateway  
  16  1:10  Probe  
  17  1:14  Pylon  
  17  1:22  Probe  
  18  1:34  Probe, Pylon  
  19  1:40  Zealot, Assimilator  
  19  1:42  Assimilator  
  19  1:46  Probe  
  22  1:58  Probe  
  23  2:05  Forge  
  23  2:06  Zealot  
  25  2:10  Cybernetics Core, Probe  
  26  2:22  Probe  
  27  2:33  Zealot  
  29  2:43  Probe  
  30  2:44  Pylon  
  30  2:48  Pylon  
  30  2:55  Probe  
  31  3:01  Zealot  
  33  3:25  Nexus  
  33  3:27  Zealot  
  35  3:36  Assimilator  
  35  3:41  Assimilator  
  35  3:45  Stalker  
  35  3:46  Pylon  
  35  3:51  Probe  
  38  4:03  Gateway  
  38  4:04  Probe  
  39  4:15  Stalker  
  41  4:22  Photon Cannon  
  41  4:26  Photon Cannon  
  41  4:31  Probe  
  42  4:43  Probe  
  42  4:45  Zealot  
  45  4:55  Stargate, Protoss Shields Level 1, Probe, Sentry  
  48  5:00  Probe  
  49  5:08  Probe  
  49  5:12  Sentry, Probe  
  53  5:20  Probe  
  54  5:29  Probe  
  54  5:32  Probe, Void Ray  
  56  5:36  Sentry x2  
  56  5:41  Probe  
  65  5:44  Probe  
  66  5:53  Probe  
  66  5:56  Probe  
  68  6:05  Probe  
  68  6:10  Fleet Beacon  
  69  6:14  Pylon  
  69  6:17  Probe, Pylon  
  70  6:20  Pylon  
  70  6:25  Pylon  
  70  6:26  Stalker x2  
  70  6:29  Pylon  
  74  6:38  Void Ray  
  78  6:46  Probe  
  79  6:58  Probe  
  80  7:08  Nexus  
  80  7:10  Assimilator, Probe  
  80  7:12  Assimilator  
  80  7:14  Pylon  
  81  7:21  Tempest  
  81  7:22  Probe  
  87  7:34  Probe  
  88  7:40  Probe  
  89  7:52  Probe  
  89  7:53  Stalker x2  
  94  8:04  Probe  
  94  8:05  Carrier  
  101  8:17  Robotics Facility  
  101  8:18  Robotics Facility  
  101  8:19  Stargate  
  101  8:27  Probe  
  101  8:30  Probe  
  103  8:39  Probe  
  104  8:42  Probe  
  105  8:51  Probe  
  105  8:52  Stalker x2  
  105  8:54  Probe  
  111  9:03  Probe  
  111  9:06  Probe, Pylon  
  111  9:09  Pylon, Carrier  
  119  9:15  Probe, Pylon  
  120  9:21  Photon Cannon  
  120  9:22  Immortal  
  124  9:27  Probe  
  125  9:37  Robotics Bay  
  125  9:39  Pylon  
  125  9:45  Probe  
  125  9:52  Zealot x2  
  130  9:56  Immortal  
  130  9:58  Probe  
  135  10:02  Immortal  
  135  10:05  Carrier  
  145  10:10  Probe  
  145  10:13  Carrier  
Show
View Real Time Build Order
Export as new Build Order

Rob Zerg - Winner!

Build Orders: Hatch First, Roach Hydra 

Get SALT Encoding   

  12  0:02  Drone  
  13  0:08  Drone  
  14  0:17  Overlord  
  14  0:26  Extractor  
  14  0:27  Drone  
  15  0:46  Hatchery  
  14  0:50  Drone  
  14  0:54  Drone  
  14  0:56  Drone  
  17  1:14  Spawning Pool  
  17  1:16  Drone  
  17  1:23  Drone  
  17  1:24  Drone  
  19  1:35  Overlord  
  19  1:36  Extractor  
  18  1:47  Overlord  
  18  2:00  Drone x2  
  20  2:06  Drone  
  21  2:10  Zergling x2  
  22  2:18  Drone  
  23  2:23  Drone  
  23  2:25  Queen x2  
  28  2:41  Roach Warren  
  28  2:42  Drone  
  28  2:43  Drone x3  
  31  2:55  Spine Crawler  
  31  2:58  Drone x2  
  31  3:34  Drone  
  31  3:35  Drone x8  
  40  3:54  Roach  
  42  4:05  Spine Crawler  
  42  4:06  Spine Crawler  
  42  4:08  Extractor  
  39  4:11  Lair  
  39  4:12  Overlord  
  39  4:13  Overlord x4  
  39  4:27  Drone x3  
  42  4:34  Extractor  
  41  4:40  Extractor, Drone x2  
  41  4:41  Drone  
  41  4:42  Roach  
  41  4:43  Roach x2  
  49  4:53  Hatchery  
  49  4:58  Drone  
  49  4:59  Drone x2  
  51  5:20  Hydralisk Den  
  51  5:21  Roach x6  
  52  5:22  Evolution Chamber  
  52  5:23  Evolution Chamber  
  52  5:25  Drone  
  61  5:29  Drone x3  
  61  5:30  Drone x2  
  66  5:37  Queen  
  66  5:39  Overlord  
  68  5:54  Drone x3  
  68  5:55  Spore Crawler  
  70  5:59  Grooved Spines  
  70  6:22  Extractor  
  70  6:23  Hatchery, Extractor  
  70  6:25  Roach x2  
  71  6:26  Roach  
  71  6:28  Hydralisk  
  75  6:43  Drone x8  
  83  6:57  Zerg Missile Weapons Level 1  
  83  6:58  Zerg Ground Armor Level 1  
  83  7:02  Hydralisk  
  83  7:03  Hydralisk  
  87  7:10  Muscular Augments  
  87  7:23  Infestation Pit  
  87  7:27  Overlord  
  87  7:28  Overlord x6  
  86  7:31  Overseer  
  86  7:45  Spore Crawler, Drone  
  86  7:46  Drone x7  
  93  7:56  Glial Reconstitution  
  93  8:05  Zergling x2  
  94  8:15  Hive  
  94  8:16  Hydralisk x6  
  106  8:32  Drone  
  106  8:33  Drone x6  
  106  8:34  Hydralisk x3  
  119  8:50  Drone  
  119  8:51  Drone x11  
  119  8:52  Extractor  
  119  8:53  Extractor  
  129  9:03  Hydralisk x5  
  139  9:23  Hydralisk x7, Drone  
  154  9:32  Zerg Missile Weapons Level 2  
  154  9:33  Zerg Ground Armor Level 2  
  154  9:37  Drone  
  154  9:38  Drone x2  
  157  9:39  Drone x2  
  157  9:41  Overlord x4  
  158  10:19  Zergling x2  
  159  10:21  Hydralisk  
  159  10:22  Hydralisk x15  
  191  10:56  Hydralisk  
  185  10:57  Hydralisk x3  
  169  11:12  Hydralisk x5  
  169  11:13  Hydralisk x6  
  191  11:30  Spire  
  191  11:32  Spire  
Tags
 
Composition
Roach Hydra
Matchup
PvZ
Replay Pack
Up to May 28th
Spawn Locations
Cross Positions
Add a new tag
Caveats
  • Supply blocks, unpowered buildings, or Contaminate may cause inaccurate times.
  • Supply counts are checked every 10 seconds.